 Dungeon Crawl Stone Soup version 0.31-a0-431-g88bdf31460 (webtiles) character file.

Game seed: 14835650136035888948

2473 LeprechaunX the Grappler (level 9, -11/54 HPs)
             Began as an Octopode Shapeshifter on Aug 1, 2023.
             Was a Follower of Hepliaklqana.
             Mangled by a large abomination (24 damage)
             ... on level 2 of the Abyss.
             The game lasted 00:10:09 (7102 turns).

LeprechaunX the Grappler (Octopode Shapeshifter)    Turns: 7102, Time: 00:10:09

Health: -11/54     AC:  1    Str: 17    XL:     9   Next: 51%
Magic:  0/30       EV: 15    Int: 10    God:    Hepliaklqana [*.....]
Gold:   385        SH:  0    Dex: 14    Spells: 8/8 levels left

rFire   + +          .
                       - Unarmed
rCold   x . .        (no shield)
rNeg    . . .        (helmet currently unavailable)
rPois   .            B - amulet of guardian spirit
rElec   .            f - ring of protection from fire
rCorr   .            s - ring of magical power
SInv    .            G - ring of magical power
Will    .....        E - ring of fire
Stlth   ++           (no ring)
HPRegen 0.29/turn    (no ring)
MPRegen 0.22/turn    (no ring)
                     (no ring)

%: guardian spirit
@: beast-form
A: beast (slay +3), reduced essence, almost no armour, amphibious, 8 rings,
camouflage 1, gelatinous body 1, (nimble swimmer 1), tentacles
a: Begin Untransformation, Renounce Religion, Recall Ancestor, Ancestor Identity


You were on level 2 of the Abyss.
You worshipped Hepliaklqana.
Hepliaklqana was aware of your devotion.
You were a hulking beast.
You visited 2 branches of the dungeon, and saw 7 of its levels.
You visited the Abyss 1 time.
You also visited: Sewer.

You collected 385 gold pieces.

Inventory:

Missiles
 q - 10 boomerangs (quivered)
 t - 3 darts of dispersal
 F - 2 throwing nets
Jewellery
 f - a ring of protection from fire (left tentacle)
 s - a ring of magical power (right tentacle)
 B - an amulet of guardian spirit (around mantle)
 E - a ring of fire (on tentacle)
 G - a ring of magical power (on tentacle)
Talismans
 b - a beast talisman (active)
Wands
 C - a wand of mindburst (16)
 D - a wand of digging (6)
Scrolls
 c - 2 scrolls of poison {unknown}
 g - 2 scrolls of silence {unknown}
 i - a scroll of butterflies {unknown}
 j - 2 scrolls of enchant armour {unknown}
 k - 2 scrolls of teleportation {unknown}
 m - a scroll of revelation {unknown}
 n - a scroll of fog {unknown}
 o - a scroll of enchant weapon {unknown}
 p - 4 scrolls of identify {unknown}
 r - a scroll of torment {unknown}
 v - 3 scrolls of blinking {unknown}
 x - a scroll of fear {unknown}
 y - a scroll of noise {unknown}
Potions
 a - 2 potions of lignification
 d - 4 potions of curing {unknown}
 e - 3 potions of mutation {unknown}
 h - 3 potions of haste
 l - 2 potions of attraction {unknown}
 u - a potion of cancellation {unknown}
 w - a potion of might {unknown}
 z - a potion of brilliance {unknown}
 A - a potion of enlightenment {unknown}


   Skills:
 - Level 5.0 Fighting
 - Level 5.0 Dodging
 * Level 8.6 Unarmed Combat
 + Level 4.1 Invocations
 + Level 5.5 Shapeshifting


You had 8 spell levels left.
You didn't know any spells.
Your spell library contained the following spells:

 Spells                   Type           Power      Damage    Failure   Level
 Hailstorm                Conj/Ice       0%         3d3       75%         3
 Summon Ice Beast         Ice/Summ       0%         N/A       98%         4
 Simulacrum               Ice/Necr       0%         N/A       100%        6


Dungeon Overview and Level Annotations

Branches:
Dungeon (6/15)             Temple (1/1) D:4           Sewer (visited)

Altars:
Cheibriados
Elyvilon
Fedhas
Hepliaklqana
Makhleb
Nemelex Xobeh
Qazlal
Ru
Sif Muna
Uskayaw
Vehumet
Yredelemnul
Zin
The Shining One

Shops:
D:1 [   D:3 *   D:4 !?

Annotations:
D:6 Maggie


Innate Abilities, Weirdness & Mutations

You are a hulking beast.
Your limbs bulge with bestial killing power. (Slay +3)
Your life essence is reduced to manifest your ancestor. (-10% HP)
You cannot wear most types of armour.
You are amphibious.
You can wear up to eight rings at the same time.
Your skin changes colour to match your surroundings (Stealth+).
Your rubbery body absorbs attacks. (AC +1, EV +1)
((You are camouflaged when in or above water. (Stealth+)))
You have tentacles for arms and can constrict up to eight enemies at once.


Message History

The ancient zyme is moderately damaged.
You constrict the ancient zyme, but do no damage.
You bludgeon the ancient zyme!
The ancient zyme is heavily damaged.
You constrict the ancient zyme. The ancient zyme barely misses you.
The ancient zyme hits you!
You bludgeon the ancient zyme!
You squeeze the ancient zyme, but do no damage.
The ancient zyme is almost destroyed.
You constrict the ancient zyme, but do no damage.
The ancient zyme closely misses you. x2; You feel ill.
You tentacle-slap the ancient zyme. You squeeze the ancient zyme.
You destroy the ancient zyme!
Your Invocations skill increases to level 4!
You start resting.
Magic restored.
You start resting.
You feel your health improve.
A large abomination comes into view.
The large abomination closely misses you.
You barely miss the large abomination.
You tentacle-slap the large abomination but do no damage.
You squeeze the large abomination, but do no damage.
The large abomination hits you.
You tentacle-slap the large abomination.
You squeeze the large abomination, but do no damage.
The large abomination is lightly damaged.
You tentacle-slap the large abomination.
The large abomination is lightly damaged.
The large abomination hits you!!
You hear a bark! x2
You tentacle-slap the large abomination but do no damage.
The large abomination is lightly damaged.
You hear a bark!
The large abomination hits you!!
* * * LOW HITPOINT WARNING * * *
You tentacle-slap the large abomination.
The large abomination is moderately damaged.
The large abomination hits you!!
You die...

... ## ## .#
. .# . #...
##.#.. # # .
#.. ##.#..###
#..##.#.#####
...#......h#
#..####.X# #
#.### #.##
#.#.# .## #
.## # #.## #


You could see a large abomination.

Vanquished Creatures
  Pikel (D:4)
  An ancient zyme (Abyss:2)
  Pargi (Sewer)
  2 ice beasts (D:5)
  2 ogres (D:5)
  4 lemures
  A phantom (D:5)
  A bullfrog (D:6)
  7 wights (D:6)
  A howler monkey (D:6)
  2 jellies (D:5)
  A gnoll bouda (D:6)
  2 hounds
  An orc priest (D:6)
  5 iguanas
  6 orc wizards
  4 gnolls (D:6)
  8 adders
  2 river rats (D:3)
  A white imp (D:5)
  2 ufetubi
  3 worms
  A dart slug (D:2)
  19 orcs
  5 ball pythons
  13 bats
  7 endoplasms
  4 giant cockroaches
  8 goblins
  3 hobgoblins
  18 jackals
  9 kobolds
  2 quokkas (D:5)
  3 frilled lizards
  9 rats
  A spectral kobold (D:2)
160 creatures vanquished.

Vanquished Creatures (collateral kills)
  2 wights (D:6)
2 creatures vanquished.

Vanquished Creatures (others)
  An ancestor (D:6)
1 creature vanquished.

Grand Total: 163 creatures vanquished

Notes
Turn   | Place    | Note
-------+----------+-------------------------------------------
     0 | D:1      | LeprechaunX the Octopode Shapeshifter began the quest for
                  | the Orb.
     0 | D:1      | Reached XP level 1. HP: 13/13 MP: 1/1
   161 | D:1      | Reached XP level 2. HP: 12/18 MP: 2/2
   199 | D:1      | Found Mewywkur's Armour Boutique.
   926 | D:1      | Reached XP level 3. HP: 23/23 MP: 3/3
  1235 | D:2      | Found a faded altar of an unknown god.
  1427 | D:2      | Reached XP level 4. HP: 24/29 MP: 4/4
  2299 | D:3      | Reached skill level 4 in Unarmed Combat
  2520 | D:3      | Reached XP level 5. HP: 34/34 MP: 5/5
  2539 | D:3      | Found a glowing drain.
  2577 | Sewer    | Entered a sewer
  2619 | Sewer    | Noticed Pargi
  2629 | Sewer    | Killed Pargi
  2630 | Sewer    | Reached XP level 6. HP: 33/41 MP: 6/6
  2828 | D:3      | Found Mon Xywigi's General Store.
  3592 | D:4      | Found a stormy altar of Qazlal.
  4069 | D:4      | Found Zerririwn's Magic Scroll Boutique.
  4168 | D:4      | Noticed Pikel
  4319 | D:4      | Found Xiazeedd's Distillery.
  4380 | D:4      | Found a staircase to the Ecumenical Temple.
  4412 | D:4      | Reached skill level 5 in Unarmed Combat
  4461 | Temple   | Entered the Ecumenical Temple
  4468 | Temple   | Became a worshipper of Hepliaklqana the Forgotten
  4657 | D:4      | Killed Pikel
  4658 | D:4      | Reached skill level 6 in Unarmed Combat
  4658 | D:4      | Reached XP level 7. HP: 5/47 MP: 1/7
  5160 | D:5      | Entered Level 5 of the Dungeon
  5259 | D:5      | Reached XP level 8. HP: 42/54 MP: 8/8
  5412 | D:5      | Reached skill level 1 in Invocations
  5580 | D:5      | Identified the +6 dagger of Plunder {freeze, rElec Will-
                  | Dex+2 SInv}
  5897 | D:5      | Reached skill level 7 in Unarmed Combat
  6045 | D:5      | Found a radiant altar of Vehumet.
  6306 | D:6      | Reached skill level 5 in Dodging
  6355 | D:6      | Reached XP level 9. HP: 60/60 MP: 11/11
  6358 | D:6      | Reached * piety under Hepliaklqana
  6369 | D:6      | Reached skill level 5 in Shapeshifting
  6391 | D:6      | Reached skill level 5 in Fighting
  6463 | D:6      | Reached skill level 8 in Unarmed Combat
  6553 | D:6      | Identified the +4 falchion of Zealaxi {protect, Drain rPois
                  | Dex+5}
  6925 | D:6      | Noticed Maggie
  6934 | Abyss:2  | Cast into level 2 of the Abyss (Maggie)
  6979 | Abyss:2  | Noticed an ancient zyme
  6988 | Abyss:2  | Killed an ancient zyme
  7102 | Abyss:2  | Mangled by a large abomination

Illustrated notes

Levels and vault maps discovered:
D:1:      dpeg_arrival_concentric_ovals, layout_basic, serial_shops,
          nicolae_shop_waterfront
D:2:      kennysheep_six_static_rooms, layout_loops_corners,
          dreamdust_ecumenical_altar_drowned_temple
D:3:      layout_loops_corners, portal_sewer_entry_b, serial_shops,
          nicolae_shop_back_alley_shop, kennysheep_generic_room_12
D:4:      layout_layer_cave, mainiacjoe_overflow_24_doors, temple_doors_e,
          serial_shops, kennysheep_mini_moat, nicolae_shop_back_alley_shop,
          uniq_pikel
D:5:      layout_basic, marbit_many_paths, chequers_serial_rivers_small_b
D:6:      layout_basic, eino_curves_04, hangedman_decor_growths, uniq_maggie
Temple:   nicolae_temple_no_exploring_needed
Abyss:2:  base:
D:1

Skill      XL: |  1  2  3  4  5  6  7  8  9 |
---------------+----------------------------+-----
Fighting       | 2 3 4 5 |  5.0
Unarmed Combat | 4 6 7 8 |  8.6
Dodging        | 3 4 5 |  5.0
Shapeshifting  | 4 5 |  5.5
Invocations    | 2 4 |  4.1

Action                     |  1- 3 |  4- 6 |  7- 9 || total
---------------------------+-------+-------+-------++-------
  Melee: Unarmed           |    66 |   132 |   133 ||   331
         Constrict         |    17 |    38 |    34 ||    89
         Tentacles         |    11 |    33 |    35 ||    79
         Punch             |     1 |     5 |     7 ||    13
  Throw: Boomerang         |       |     8 |    35 ||    43
    Use: Potion            |       |     1 |       ||     1
   Stab: Sleeping          |     8 |     7 |     3 ||    18
 Armour: Skin              |     3 |    14 |     1 ||    18
  Dodge: Dodged            |    42 |    89 |    88 ||   219

Table legend: (Time is in decaauts)
 A = Elapsed time spent in this place.
 B = Non-inter-level travel time spent in this place.
 C = Inter-level travel time spent in this place.
 D = Time resting spent in this place.
 E = Time spent auto-exploring this place.
 F = Levels seen in this place.
 G = Mean time per level.
                   A        B        C        D        E       F      G
               +--------+--------+--------+--------+--------+-----+--------+
         Total |   7069 |   6823 |    246 |    866 |   4630 |   9 |  785.4 |
       Dungeon |   6590 |   6344 |    246 |    627 |   4560 |   6 | 1098.3 |
        Temple |    176 |    176 |      0 |    152 |      0 |   1 |  176.0 |
         Abyss |    166 |    166 |      0 |     87 |      0 |   1 |  166.0 |
         Sewer |    136 |    136 |      0 |      0 |     70 |   1 |  136.0 |
               +--------+--------+--------+--------+--------+-----+--------+

Top non-repeatable levels by time:
     D:4: 1650 daAuts
     D:1: 1143 daAuts
     D:5: 1028 daAuts
     D:2: 1022 daAuts
     D:3: 1006 daAuts
     D:6: 739 daAuts
  Temple: 176 daAuts
 Abyss:2: 166 daAuts
   Sewer: 136 daAuts
